Boston Bruins vs Hartford Whalers
Created - Tuesday, February 17, 2026 at 09:50
Goals
|
| Boston Bruins |
2 |
1 |
3 |
6 |
| Hartford Whalers |
0 |
2 |
2 |
4 |
|
Shots
|
| Boston Bruins |
11 |
22 |
9 |
42 |
| Hartford Whalers |
8 |
18 |
6 |
32 |
|
1st period
1. Boston Bruins , Jaden Schwartz 6 (Ryan Strome 15) at 0:09
2. Boston Bruins , Aatu Raty 4 (Viktor Arvidsson 12, Leevi Merilainen) at 11:03
Penalties :
Ryan Strome (BOS) for Roughing (Minor) at 1:30, Ryan Strome (BOS) for Cross-checking (Minor) at 11:25, Pierre-Luc Dubois (HFD) for Hooking (Minor) at 18:21
2nd period
3. Hartford Whalers , Sidney Crosby 10 (Nick Suzuki 20, Kaiden Guhle 5) at 6:18
4. Boston Bruins , Jaden Schwartz 7 (Rasmus Sandin 12, Alex Laferriere 12) at 15:46
5. Hartford Whalers , Sidney Crosby 11 (Nick Suzuki 21) at 18:48
Penalties :
No Penalty
3rd period
6. Hartford Whalers , Anthony Cirelli 7 (Dylan Guenther 5) at 0:49
7. Boston Bruins , Maxim Tsyplakov 11 (Ryan Strome 16) at 2:20
8. Hartford Whalers , Seth Jones 5 (Dylan Guenther 6, Vladislav Gavrikov 7) at 11:49
9. Boston Bruins , Jaden Schwartz 8 (Alex Laferriere 13, Ryan Strome 17) at 13:21
10. Boston Bruins , Jaden Schwartz 9 (Ryan Strome 18) at 19:21 (Empty Net)
Penalties :
Simon Edvinsson (HFD) for Hooking (Minor) at 3:47, Ozzy Wiesblatt (BOS) for Delaying the game (Minor) at 6:46
Goalie Stats
Leevi Merilainen (BOS), 28 saves from 32 shots - (0.875), W, 8-5-1, 60:00 minutes
Joseph Woll (HFD), 36 saves from 41 shots - (0.878), L, 12-7-1, 59:09 minutes
Players Stats for Boston Bruins
Player Name G A P +/- PIM S H SB GA TA FO MP PP MP PK MP
------------------------------------------------------------------------------------
Aatu Raty 1 0 1 0 0 2 2 0 1 1 11/19 15:32 0:00 0:41
Adam Wilsby 0 0 0 0 0 2 2 1 0 1 0/0 17:59 0:00 0:00
Alex Laferriere 0 2 2 4 0 2 1 0 1 0 2/6 19:16 1:58 2:57
Beck Malenstyn 0 0 0 0 0 3 3 0 1 0 0/9 12:02 2:00 1:57
Jack Thompson 0 0 0 0 0 0 3 1 0 2 0/0 14:34 0:00 0:00
Jaden Schwartz 4 0 4 4 0 7 2 0 0 0 1/2 16:28 1:58 0:09
Jakob Pelletier 0 0 0 0 0 4 0 0 0 0 0/0 8:28 0:24 0:00
Joel Farabee 0 0 0 -2 0 3 1 0 0 0 0/1 13:25 0:37 0:00
Maxim Tsyplakov 1 0 1 0 0 2 1 0 4 1 0/0 18:48 1:23 2:40
Ozzy Wiesblatt 0 0 0 0 2 0 2 0 0 1 0/0 8:03 0:00 0:00
Rasmus Sandin 0 1 1 2 0 1 1 0 0 1 0/0 22:27 1:55 2:24
Ryan Strome 0 4 4 4 4 3 0 3 0 0 7/20 17:30 1:58 0:57
Sam Morton 0 0 0 -2 0 2 1 0 0 0 5/12 12:48 0:00 0:00
Samuel Girard 0 0 0 2 0 3 0 0 0 0 0/0 23:24 1:55 2:24
Taylor Raddysh 0 0 0 -2 0 3 0 0 0 0 0/0 13:01 0:13 0:00
Urho Vaakanainen 0 0 0 0 0 1 0 1 0 0 0/0 22:18 2:03 3:33
Victor Mancini 0 0 0 0 0 0 0 2 0 0 0/0 19:18 2:03 3:33
Viktor Arvidsson 0 1 1 0 0 4 1 1 1 0 0/1 18:39 1:23 2:33
Players Stats for Hartford Whalers
Player Name G A P +/- PIM S H SB GA TA FO MP PP MP PK MP
------------------------------------------------------------------------------------
Anthony Cirelli 1 0 1 0 0 2 1 0 0 1 9/12 14:32 0:00 1:51
Braden Schneider 0 0 0 0 0 0 3 3 0 1 0/0 20:01 3:14 1:59
Carter Verhaeghe 0 0 0 1 0 1 2 0 0 0 0/0 14:39 0:00 0:00
Devon Toews 0 0 0 0 0 2 0 1 0 0 0/0 20:01 3:14 1:59
Dylan Guenther 0 2 2 -1 0 3 2 0 0 0 1/3 15:27 2:56 0:33
Jonathan Drouin 0 0 0 -1 0 2 0 0 0 0 0/0 8:38 0:00 0:00
Jordan Kyrou 0 0 0 -1 0 1 1 2 0 0 0/0 17:51 3:01 0:00
Joshua Norris 0 0 0 -1 0 0 4 0 1 0 12/19 19:30 2:56 1:51
Kaiden Guhle 0 1 1 -1 0 0 3 0 0 0 0/0 16:39 2:43 0:00
Matthew Coronato 0 0 0 0 0 4 2 2 0 0 2/2 12:41 0:00 0:00
Nick Suzuki 0 2 2 0 0 4 2 0 2 2 5/8 18:26 2:56 1:34
Pierre-Luc Dubois 0 0 0 -1 2 4 5 0 2 0 0/0 17:50 3:01 0:00
Seth Jones 1 0 1 -1 0 2 5 0 0 1 0/0 26:29 2:43 1:59
Sidney Crosby 2 0 2 0 0 5 1 0 1 1 11/18 18:38 3:01 1:34
Simon Edvinsson 0 0 0 -1 2 0 1 1 0 1 0/0 13:29 0:00 0:00
Tyler Seguin 0 0 0 -1 0 2 0 0 1 1 4/8 9:11 0:00 0:33
Tyson Foerster 0 0 0 -1 0 0 1 0 0 0 0/0 8:38 0:00 0:00
Vladislav Gavrikov 0 1 1 -1 0 0 1 1 0 0 0/0 23:20 0:00 1:59
3 Stars
1 - Jaden Schwartz (BOS)
2 - Ryan Strome (BOS)
3 - Alex Laferriere (BOS)
Power Play
Boston Bruins - 0 on 2 Attempt(s) - 0.00%
Hartford Whalers - 0 on 3 Attempt(s) - 0.00%
Penalty Kill
Boston Bruins - 3 on 3 Attempt(s) - 100.00%
- Score 0 goal in Penalty Kill
Hartford Whalers - 2 on 2 Attempt(s) - 100.00%
- Score 0 goal in Penalty Kill
Team Stat
Boston Bruins - Hits : 20 - Faceoff Wins : 26 - Blocked Shots : 9 - Penalty Minutes : 6
Hartford Whalers - Hits : 34 - Faceoff Wins : 44 - Blocked Shots : 10 - Penalty Minutes : 4
Official
Referees : Carter Sandlak and Mitch Dunning
Linesman : Jesse Marquis and James Tobias
Game Notes
Jaden Schwartz has scored a Hat Trick!
Jaden Schwartz has scored in a empty net!
Finance
Level 1 -- Attendance: 6000 (100.00%) -- Ticket Income $570,000
Level 2 -- Attendance: 4692 (93.84%) -- Ticket Income $258,060
Level 3 -- Attendance: 1949 (64.97%) -- Ticket Income $77,960
Level 4 -- Attendance: 3460 (69.20%) -- Ticket Income $86,500
Luxury Box -- Attendance: 804 (80.40%) -- Ticket Income $160,800
Game was played at the Hartford Civic Center.
Total Attendance: 16905 (84.53%)
Total Ticket Income: $1,153,320
Other Income: $403,662
Total Income: $1,556,982
Boston Bruins
5 vs 5 Forward
Center Left Wing Right Wing Time % Phy DF OF
1 Ryan Strome Alex Laferriere Jaden Schwartz 30 1 2 2
2 Aatu Raty Viktor Arvidsson Maxim Tsyplakov 30 1 2 2
3 Sam Morton Joel Farabee Taylor Raddysh 25 1 2 2
4 Beck Malenstyn Jakob Pelletier Ozzy Wiesblatt 15 1 2 2
5 vs 5 Defense
Defense Defense Time % Phy DF OF
1 Samuel Girard Rasmus Sandin 35 1 2 2
2 Adam Wilsby Urho Vaakanainen 35 1 2 2
3 Jack Thompson Victor Mancini 30 1 2 2
4 Rasmus Sandin Samuel Girard 0 1 2 2
PowerPlay Forward
Center Left Wing Right Wing Time % Phy DF OF
1 Ryan Strome Alex Laferriere Jaden Schwartz 50 1 2 2
2 Beck Malenstyn Viktor Arvidsson Maxim Tsyplakov 50 1 2 2
PowerPlay Defense
Defense Defense Time % Phy DF OF
1 Samuel Girard Rasmus Sandin 50 1 2 2
2 Victor Mancini Urho Vaakanainen 50 1 2 2
Penalty Kill 4 Players Forward
Center Wing Time % Phy DF OF
1 Alex Laferriere Maxim Tsyplakov 50 1 2 2
2 Ryan Strome Viktor Arvidsson 50 1 2 2
Penalty Kill 4 Players Defense
Defense Defense Time % Phy DF OF
1 Samuel Girard Rasmus Sandin 50 1 2 2
2 Victor Mancini Urho Vaakanainen 50 1 2 2
Penalty Kill - 3 Players Forward
Forward Time % Phy DF OF
1 Alex Laferriere 50 1 2 2
2 Ryan Strome 50 1 2 2
Penalty Kill - 3 Players Defense
Defense Defense Time % Phy DF OF
1 Samuel Girard Rasmus Sandin 50 1 2 2
2 Victor Mancini Urho Vaakanainen 50 1 2 2
4 vs 4 Forward
Center Wing Time % Phy DF OF
1 Alex Laferriere Joel Farabee 50 1 2 2
2 Ryan Strome Viktor Arvidsson 50 1 2 2
4 vs 4 Defense
Defense Defense Time % Phy DF OF
1 Samuel Girard Rasmus Sandin 50 1 2 2
2 Adam Wilsby Urho Vaakanainen 50 1 2 2
Last Minutes Offensive
Center Left Wing Right Wing Defense Defense
Ryan Strome Alex Laferriere Jaden Schwartz Samuel Girard Rasmus Sandin
Last Minutes Defensive
Center Left Wing Right Wing Defense Defense
Ryan Strome Alex Laferriere Jaden Schwartz Samuel Girard Rasmus Sandin
Goaltenders
Starting : Leevi Merilainen
Backup : Petr Mrazek
Extra Forwards
Normal : Jakob Pelletier, Joel Farabee, Beck Malenstyn - PP : Jakob Pelletier, Joel Farabee - PK : Beck Malenstyn
Extra Defensemen
Normal : Samuel Girard, Victor Mancini, Rasmus Sandin - PP : Rasmus Sandin - PK : Victor Mancini, Samuel Girard
Penalty Shots
Alex Laferriere, Jakob Pelletier, Ryan Strome, Viktor Arvidsson, Maxim Tsyplakov
Scratches
Jake Neighbours (Healthy), John Marino (Healthy), Mark Kastelic (Healthy), Philippe Daoust (Healthy), Marcus Hogberg (Healthy)
Hartford Whalers
5 vs 5 Forward
Center Left Wing Right Wing Time % Phy DF OF
1 Sidney Crosby Carter Verhaeghe Nick Suzuki 30 1 1 3
2 Joshua Norris Pierre-Luc Dubois Jordan Kyrou 30 1 2 2
3 Anthony Cirelli Dylan Guenther Matthew Coronato 25 1 2 2
4 Tyler Seguin Jonathan Drouin Tyson Foerster 15 1 2 2
5 vs 5 Defense
Defense Defense Time % Phy DF OF
1 Seth Jones Vladislav Gavrikov 30 1 2 2
2 Devon Toews Braden Schneider 30 1 2 2
3 Simon Edvinsson Kaiden Guhle 25 1 2 2
4 Seth Jones Vladislav Gavrikov 15 1 2 2
PowerPlay Forward
Center Left Wing Right Wing Time % Phy DF OF
1 Nick Suzuki Joshua Norris Dylan Guenther 50 1 1 3
2 Sidney Crosby Pierre-Luc Dubois Jordan Kyrou 50 1 1 3
PowerPlay Defense
Defense Defense Time % Phy DF OF
1 Kaiden Guhle Seth Jones 50 1 2 2
2 Devon Toews Braden Schneider 50 1 2 2
Penalty Kill 4 Players Forward
Center Wing Time % Phy DF OF
1 Nick Suzuki Sidney Crosby 50 1 3 1
2 Joshua Norris Anthony Cirelli 50 1 3 1
Penalty Kill 4 Players Defense
Defense Defense Time % Phy DF OF
1 Seth Jones Vladislav Gavrikov 50 2 2 1
2 Devon Toews Braden Schneider 50 1 3 1
Penalty Kill - 3 Players Forward
Forward Time % Phy DF OF
1 Joshua Norris 50 1 3 1
2 Anthony Cirelli 50 1 3 1
Penalty Kill - 3 Players Defense
Defense Defense Time % Phy DF OF
1 Seth Jones Vladislav Gavrikov 50 3 2 0
2 Simon Edvinsson Braden Schneider 50 2 3 0
4 vs 4 Forward
Center Wing Time % Phy DF OF
1 Nick Suzuki Sidney Crosby 50 1 1 3
2 Joshua Norris Anthony Cirelli 50 1 2 2
4 vs 4 Defense
Defense Defense Time % Phy DF OF
1 Seth Jones Vladislav Gavrikov 50 1 2 2
2 Devon Toews Braden Schneider 50 1 2 2
Last Minutes Offensive
Center Left Wing Right Wing Defense Defense
Sidney Crosby Dylan Guenther Nick Suzuki Devon Toews Jordan Kyrou
Last Minutes Defensive
Center Left Wing Right Wing Defense Defense
Joshua Norris Pierre-Luc Dubois Anthony Cirelli Vladislav Gavrikov Braden Schneider
Goaltenders
Starting : Joseph Woll
Backup : Samuel Montembeault
Extra Forwards
Normal : Dylan Guenther, Carter Verhaeghe, Tyler Seguin - PP : Dylan Guenther, Carter Verhaeghe - PK : Tyler Seguin
Extra Defensemen
Normal : Simon Edvinsson, Kaiden Guhle, Devon Toews - PP : Simon Edvinsson - PK : Kaiden Guhle, Devon Toews
Penalty Shots
Tyler Seguin, Pierre-Luc Dubois, Joshua Norris, Sidney Crosby, Anthony Cirelli
Scratches
Shakir Mukhamadullin (Healthy), Calle Odelius (Healthy)
% Time on Ice - Boston Bruins
Lines # - Real PCT - Wanted PCT - Time Play
Normal Forward
1 - 29% - 30% - 14:14
2 - 30% - 30% - 14:43
3 - 26% - 25% - 12:48
4 - 16% - 15% - 8:04
Normal Defense
1 - 36% - 35% - 17:52
2 - 36% - 35% - 17:55
3 - 28% - 30% - 14:02
4 - 0% - 0% - 0:00
PP Forward
1 - 50% - 50% - 1:58
2 - 50% - 50% - 2:00
PP Defense
1 - 48% - 50% - 1:55
2 - 52% - 50% - 2:03
PK Forward
1 - 49% - 50% - 2:55
2 - 51% - 50% - 3:02
PK Defense
1 - 40% - 50% - 2:24
2 - 60% - 50% - 3:33
PK3 Forward
1 - 0% - 50%
2 - 0% - 50%
PK3 Defense
1 - 0% - 50%
2 - 0% - 50%
44 Forward
1 - 0% - 50%
2 - 0% - 50%
44 Defense
1 - 0% - 50%
2 - 0% - 50%
Last Minute Offensive - 0:00
Last Minute Defensive - 0:16
Total
Forward - 60:00
Defense - 60:00
|
% Time on Ice - Hartford Whalers
Lines # - Real PCT - Wanted PCT - Time Play
Normal Forward
1 - 27% - 30% - 13:41
2 - 30% - 30% - 14:50
3 - 25% - 25% - 12:41
4 - 17% - 15% - 8:38
Normal Defense
1 - 30% - 30% - 15:08
2 - 30% - 30% - 14:48
3 - 27% - 25% - 13:30
4 - 13% - 15% - 6:24
PP Forward
1 - 49% - 50% - 2:56
2 - 51% - 50% - 3:01
PP Defense
1 - 46% - 50% - 2:43
2 - 54% - 50% - 3:14
PK Forward
1 - 48% - 50% - 1:55
2 - 52% - 50% - 2:03
PK Defense
1 - 50% - 50% - 1:59
2 - 50% - 50% - 1:59
PK3 Forward
1 - 0% - 50%
2 - 0% - 50%
PK3 Defense
1 - 0% - 50%
2 - 0% - 50%
44 Forward
1 - 0% - 50%
2 - 0% - 50%
44 Defense
1 - 0% - 50%
2 - 0% - 50%
Last Minute Offensive - 0:15
Last Minute Defensive - 0:00
Total
Forward - 60:00
Defense - 60:00
|
Play-by-Play
1st period
0:01 of 1st period - Sidney Crosby wins face-off versus Alex Laferriere in neutral zone.
0:09 of 1st period - Snap shot by Jaden Schwartz.
0:09 of 1st period - Goal by Jaden Schwartz - Boston Bruins : 1 - Hartford Whalers : 0.
0:10 of 1st period - Aatu Raty wins face-off versus Joshua Norris in neutral zone.
0:21 of 1st period - Viktor Arvidsson is hit by Pierre-Luc Dubois and loses puck.
0:36 of 1st period - Taylor Raddysh is hit by Dylan Guenther and loses puck.
0:43 of 1st period - Braden Schneider is hit by Sam Morton and loses puck.
1:30 of 1st period - Minor Penalty to Ryan Strome for Roughing.
1:31 of 1st period - Nick Suzuki wins face-off versus Alex Laferriere in Boston Bruins zone.
1:57 of 1st period - Sidney Crosby is hit by Rasmus Sandin.
2:10 of 1st period - Viktor Arvidsson is hit by Jordan Kyrou and loses puck.
2:21 of 1st period - Viktor Arvidsson is hit by Joshua Norris and loses puck.
3:30 of 1st period - Penalty to Ryan Strome is over, Ryan Strome is back on ice.
3:34 of 1st period - Wrist shot by Ryan Strome.
3:34 of 1st period - Shot Blocked by Braden Schneider.
3:36 of 1st period - Wrist shot by Urho Vaakanainen.
3:36 of 1st period - Deflect By Devon Toews.
3:36 of 1st period - Stopped by Joseph Woll with a rebound.
3:38 of 1st period - Snap shot by Aatu Raty.
3:38 of 1st period - Stopped by Joseph Woll without a rebound.
3:39 of 1st period - Tyler Seguin wins face-off versus Sam Morton in Hartford Whalers zone.
4:34 of 1st period - Beck Malenstyn is hit by Seth Jones and loses puck.
4:40 of 1st period - Off-side.
4:41 of 1st period - Aatu Raty wins face-off versus Sidney Crosby in neutral zone.
5:20 of 1st period - Ryan Strome is hit by Kaiden Guhle and loses puck.
6:00 of 1st period - Slapshot by Jakob Pelletier.
6:00 of 1st period - Shot Misses the Net.
6:02 of 1st period - Slapshot by Urho Vaakanainen.
6:02 of 1st period - Deflect By Beck Malenstyn.
6:02 of 1st period - Shot Blocked by Vladislav Gavrikov.
6:02 of 1st period - Puck is out of play.
6:03 of 1st period - Aatu Raty wins face-off versus Sidney Crosby in Hartford Whalers zone.
6:08 of 1st period - Wrist shot by Viktor Arvidsson.
6:08 of 1st period - Shot Blocked by Braden Schneider.
6:29 of 1st period - Joshua Norris is hit by Alex Laferriere and loses puck.
6:58 of 1st period - Snap shot by Dylan Guenther.
6:58 of 1st period - Stopped by Leevi Merilainen with a rebound.
7:14 of 1st period - Nick Suzuki is hit by Beck Malenstyn and loses puck.
7:50 of 1st period - Snap shot by Ryan Strome.
7:50 of 1st period - Shot Misses the Net.
10:11 of 1st period - Devon Toews is hit by Beck Malenstyn.
10:18 of 1st period - Off-side.
10:19 of 1st period - Ryan Strome wins face-off versus Anthony Cirelli in neutral zone.
10:28 of 1st period - Snap shot by Ryan Strome.
10:28 of 1st period - Shot Misses the Net.
10:30 of 1st period - Slapshot by Jaden Schwartz.
10:30 of 1st period - Stopped by Joseph Woll with a rebound.
10:32 of 1st period - Backhand shot by Jaden Schwartz.
10:32 of 1st period - Shot Misses the Net.
10:34 of 1st period - Snap shot by Ryan Strome.
10:34 of 1st period - Stopped by Joseph Woll without a rebound.
10:35 of 1st period - Aatu Raty wins face-off versus Nick Suzuki in Hartford Whalers zone.
10:36 of 1st period - Snap shot by Viktor Arvidsson.
10:36 of 1st period - Deflect By Seth Jones.
10:36 of 1st period - Shot Misses the Net.
10:36 of 1st period - Puck is out of play.
10:37 of 1st period - Sidney Crosby wins face-off versus Aatu Raty in Hartford Whalers zone.
11:03 of 1st period - Slapshot by Aatu Raty.
11:03 of 1st period - Goal by Aatu Raty - Boston Bruins : 2 - Hartford Whalers : 0.
11:04 of 1st period - Sidney Crosby wins face-off versus Aatu Raty in neutral zone.
11:20 of 1st period - Off-side.
11:21 of 1st period - Matthew Coronato wins face-off versus Ryan Strome in neutral zone.
11:25 of 1st period - Minor Penalty to Ryan Strome for Cross-checking.
11:26 of 1st period - Sidney Crosby wins face-off versus Alex Laferriere in Boston Bruins zone.
11:43 of 1st period - Snap shot by Sidney Crosby.
11:43 of 1st period - Shot Blocked by Victor Mancini.
11:49 of 1st period - Viktor Arvidsson is hit by Braden Schneider and loses puck.
12:00 of 1st period - Snap shot by Sidney Crosby.
12:00 of 1st period - Stopped by Leevi Merilainen with a rebound.
12:02 of 1st period - Wrist shot by Sidney Crosby.
12:02 of 1st period - Stopped by Leevi Merilainen with a rebound.
12:04 of 1st period - Slapshot by Devon Toews.
12:04 of 1st period - Stopped by Leevi Merilainen with a rebound.
12:06 of 1st period - Slapshot by Devon Toews.
12:06 of 1st period - Stopped by Leevi Merilainen without a rebound.
12:07 of 1st period - Alex Laferriere wins face-off versus Nick Suzuki in Boston Bruins zone.
13:24 of 1st period - Seth Jones is hit by Aatu Raty and loses puck.
13:25 of 1st period - Penalty to Ryan Strome is over, Ryan Strome is back on ice.
13:41 of 1st period - Snap shot by Joel Farabee.
13:41 of 1st period - Stopped by Joseph Woll with a rebound.
14:12 of 1st period - Slapshot by Beck Malenstyn.
14:12 of 1st period - Stopped by Joseph Woll without a rebound.
14:13 of 1st period - Anthony Cirelli wins face-off versus Beck Malenstyn in Hartford Whalers zone.
14:13 of 1st period - Anthony Cirelli is hit by Jack Thompson.
14:36 of 1st period - Snap shot by Jakob Pelletier.
14:36 of 1st period - Stopped by Joseph Woll without a rebound.
14:37 of 1st period - Joshua Norris wins face-off versus Ryan Strome in Hartford Whalers zone.
14:48 of 1st period - Wrist shot by Jordan Kyrou.
14:48 of 1st period - Deflect By Joshua Norris.
14:48 of 1st period - Shot Blocked by Victor Mancini.
14:48 of 1st period - Puck is out of play.
14:49 of 1st period - Sidney Crosby wins face-off versus Aatu Raty in Boston Bruins zone.
15:03 of 1st period - Off-side.
15:04 of 1st period - Joshua Norris wins face-off versus Alex Laferriere in neutral zone.
15:07 of 1st period - Wrist shot by Jordan Kyrou.
15:07 of 1st period - Stopped by Leevi Merilainen with a rebound.
15:09 of 1st period - Wrist shot by Vladislav Gavrikov.
15:09 of 1st period - Shot Blocked by Ryan Strome.
15:11 of 1st period - Slapshot by Seth Jones.
15:11 of 1st period - Shot Blocked by Ryan Strome.
15:19 of 1st period - Snap shot by Jordan Kyrou.
15:19 of 1st period - Deflect By Pierre-Luc Dubois.
15:19 of 1st period - Stopped by Leevi Merilainen with a rebound.
15:51 of 1st period - Off-side.
15:52 of 1st period - Dylan Guenther wins face-off versus Sam Morton in neutral zone.
16:24 of 1st period - Snap shot by Pierre-Luc Dubois.
16:24 of 1st period - Stopped by Leevi Merilainen without a rebound.
16:25 of 1st period - Aatu Raty wins face-off versus Sidney Crosby in Boston Bruins zone.
16:25 of 1st period - Aatu Raty is hit by Carter Verhaeghe.
16:33 of 1st period - Wrist shot by Viktor Arvidsson.
16:33 of 1st period - Stopped by Joseph Woll without a rebound.
16:34 of 1st period - Sidney Crosby wins face-off versus Aatu Raty in Hartford Whalers zone.
17:29 of 1st period - Rasmus Sandin is hit by Nick Suzuki and loses puck.
18:00 of 1st period - Slapshot by Nick Suzuki.
18:00 of 1st period - Shot Blocked by Viktor Arvidsson.
18:18 of 1st period - Snap shot by Maxim Tsyplakov.
18:18 of 1st period - Stopped by Joseph Woll without a rebound.
18:19 of 1st period - Joshua Norris wins face-off versus Ryan Strome in Hartford Whalers zone.
18:21 of 1st period - Minor Penalty to Pierre-Luc Dubois for Hooking.
18:22 of 1st period - Joshua Norris wins face-off versus Ryan Strome in Hartford Whalers zone.
18:38 of 1st period - Wrist shot by Alex Laferriere.
18:38 of 1st period - Shot Misses the Net.
19:43 of 1st period - Taylor Raddysh is hit by Braden Schneider and loses puck.
Goals for this period are 2 for Boston Bruins vs 0 for Hartford Whalers.
Shots for this period are 11 for Boston Bruins vs 8 for Hartford Whalers.
2nd period
0:01 of 2nd period - Nick Suzuki wins face-off versus Beck Malenstyn in neutral zone.
0:21 of 2nd period - Penalty to Pierre-Luc Dubois is over, Pierre-Luc Dubois is back on ice.
0:35 of 2nd period - Snap shot by Jaden Schwartz.
0:35 of 2nd period - Stopped by Joseph Woll with a rebound.
0:58 of 2nd period - Wrist shot by Seth Jones.
0:58 of 2nd period - Stopped by Leevi Merilainen without a rebound.
0:59 of 2nd period - Sam Morton wins face-off versus Tyler Seguin in Boston Bruins zone.
1:24 of 2nd period - Maxim Tsyplakov is hit by Joshua Norris and loses puck.
2:17 of 2nd period - Off-side.
2:18 of 2nd period - Joshua Norris wins face-off versus Sam Morton in neutral zone.
2:27 of 2nd period - Snap shot by Taylor Raddysh.
2:27 of 2nd period - Shot Misses the Net.
2:29 of 2nd period - Slapshot by Adam Wilsby.
2:29 of 2nd period - Stopped by Joseph Woll without a rebound.
2:30 of 2nd period - Sam Morton wins face-off versus Joshua Norris in Hartford Whalers zone.
2:33 of 2nd period - Slapshot by Taylor Raddysh.
2:33 of 2nd period - Shot Misses the Net.
2:35 of 2nd period - Slapshot by Adam Wilsby.
2:35 of 2nd period - Deflect By Taylor Raddysh.
2:35 of 2nd period - Shot Misses the Net.
2:35 of 2nd period - Puck is out of play.
2:36 of 2nd period - Joshua Norris wins face-off versus Sam Morton in Hartford Whalers zone.
3:16 of 2nd period - Wrist shot by Joshua Norris.
3:16 of 2nd period - Shot Blocked by Urho Vaakanainen.
3:41 of 2nd period - Snap shot by Taylor Raddysh.
3:41 of 2nd period - Stopped by Joseph Woll with a rebound.
3:47 of 2nd period - Slapshot by Taylor Raddysh.
3:47 of 2nd period - Shot Misses the Net.
3:49 of 2nd period - Snap shot by Sam Morton.
3:49 of 2nd period - Stopped by Joseph Woll without a rebound.
3:50 of 2nd period - Matthew Coronato wins face-off versus Ryan Strome in Hartford Whalers zone.
4:05 of 2nd period - Slapshot by Anthony Cirelli.
4:05 of 2nd period - Shot Misses the Net.
4:21 of 2nd period - Snap shot by Jakob Pelletier.
4:21 of 2nd period - Stopped by Joseph Woll without a rebound.
4:22 of 2nd period - Nick Suzuki wins face-off versus Beck Malenstyn in Hartford Whalers zone.
4:32 of 2nd period - Wrist shot by Beck Malenstyn.
4:32 of 2nd period - Stopped by Joseph Woll without a rebound.
4:33 of 2nd period - Ryan Strome wins face-off versus Dylan Guenther in Hartford Whalers zone.
4:36 of 2nd period - Snap shot by Ryan Strome.
4:36 of 2nd period - Deflect By Matthew Coronato.
4:36 of 2nd period - Stopped by Joseph Woll with a rebound.
4:39 of 2nd period - Icing by Vladislav Gavrikov.
4:40 of 2nd period - Anthony Cirelli wins face-off versus Ryan Strome in Hartford Whalers zone.
4:55 of 2nd period - Alex Laferriere is hit by Anthony Cirelli and loses puck.
5:18 of 2nd period - Snap shot by Pierre-Luc Dubois.
5:18 of 2nd period - Stopped by Leevi Merilainen without a rebound.
5:19 of 2nd period - Aatu Raty wins face-off versus Anthony Cirelli in Boston Bruins zone.
5:45 of 2nd period - Anthony Cirelli is hit by Beck Malenstyn and loses puck.
6:18 of 2nd period - Slapshot by Sidney Crosby.
6:18 of 2nd period - Goal by Sidney Crosby - Boston Bruins : 2 - Hartford Whalers : 1.
6:19 of 2nd period - Sidney Crosby wins face-off versus Ryan Strome in neutral zone.
6:36 of 2nd period - Slapshot by Sidney Crosby.
6:36 of 2nd period - Stopped by Leevi Merilainen without a rebound.
6:37 of 2nd period - Joshua Norris wins face-off versus Viktor Arvidsson in Boston Bruins zone.
6:40 of 2nd period - Snap shot by Pierre-Luc Dubois.
6:40 of 2nd period - Shot Misses the Net.
7:02 of 2nd period - Vladislav Gavrikov is hit by Jack Thompson and loses puck.
7:07 of 2nd period - Snap shot by Ryan Strome.
7:07 of 2nd period - Deflect By Alex Laferriere.
7:07 of 2nd period - Stopped by Joseph Woll without a rebound.
7:08 of 2nd period - Sidney Crosby wins face-off versus Ryan Strome in Hartford Whalers zone.
7:17 of 2nd period - Snap shot by Nick Suzuki.
7:17 of 2nd period - Shot Misses the Net.
7:19 of 2nd period - Wrist shot by Sidney Crosby.
7:19 of 2nd period - Shot Blocked by Ryan Strome.
7:21 of 2nd period - Wrist shot by Devon Toews.
7:21 of 2nd period - Shot Misses the Net.
7:42 of 2nd period - Slapshot by Joel Farabee.
7:42 of 2nd period - Stopped by Joseph Woll with a rebound.
8:00 of 2nd period - Snap shot by Dylan Guenther.
8:00 of 2nd period - Shot Misses the Net.
8:02 of 2nd period - Wrist shot by Matthew Coronato.
8:02 of 2nd period - Stopped by Leevi Merilainen without a rebound.
8:03 of 2nd period - Ryan Strome wins face-off versus Dylan Guenther in Boston Bruins zone.
8:10 of 2nd period - Snap shot by Alex Laferriere.
8:10 of 2nd period - Stopped by Joseph Woll without a rebound.
8:11 of 2nd period - Anthony Cirelli wins face-off versus Ryan Strome in Hartford Whalers zone.
8:22 of 2nd period - Snap shot by Dylan Guenther.
8:22 of 2nd period - Shot Misses the Net.
8:24 of 2nd period - Backhand shot by Seth Jones.
8:24 of 2nd period - Shot Blocked by Jack Thompson.
8:42 of 2nd period - Joshua Norris is hit by Jack Thompson and loses puck.
8:58 of 2nd period - Off-side.
8:59 of 2nd period - Sidney Crosby wins face-off versus Sam Morton in neutral zone.
9:36 of 2nd period - Wrist shot by Carter Verhaeghe.
9:36 of 2nd period - Stopped by Leevi Merilainen without a rebound.
9:37 of 2nd period - Tyler Seguin wins face-off versus Jaden Schwartz in Boston Bruins zone.
9:38 of 2nd period - Wrist shot by Jonathan Drouin.
9:38 of 2nd period - Shot Misses the Net.
9:40 of 2nd period - Wrist shot by Jonathan Drouin.
9:40 of 2nd period - Stopped by Leevi Merilainen with a rebound.
9:42 of 2nd period - Wrist shot by Tyler Seguin.
9:42 of 2nd period - Shot Misses the Net.
9:44 of 2nd period - Snap shot by Tyler Seguin.
9:44 of 2nd period - Stopped by Leevi Merilainen without a rebound.
9:45 of 2nd period - Ryan Strome wins face-off versus Tyler Seguin in Boston Bruins zone.
9:45 of 2nd period - Ryan Strome is hit by Seth Jones.
9:59 of 2nd period - Wrist shot by Tyler Seguin.
9:59 of 2nd period - Stopped by Leevi Merilainen without a rebound.
10:00 of 2nd period - Joshua Norris wins face-off versus Sam Morton in Boston Bruins zone.
10:36 of 2nd period - Sam Morton is hit by Pierre-Luc Dubois and loses puck.
10:57 of 2nd period - Wrist shot by Joel Farabee.
10:57 of 2nd period - Shot Hit the Post.
10:59 of 2nd period - Snap shot by Taylor Raddysh.
10:59 of 2nd period - Shot Misses the Net.
11:01 of 2nd period - Slapshot by Samuel Girard.
11:01 of 2nd period - Stopped by Joseph Woll with a rebound.
11:03 of 2nd period - Slapshot by Samuel Girard.
11:03 of 2nd period - Shot Blocked by Jordan Kyrou.
11:05 of 2nd period - Snap shot by Sam Morton.
11:05 of 2nd period - Shot Misses the Net.
11:07 of 2nd period - Slapshot by Rasmus Sandin.
11:07 of 2nd period - Stopped by Joseph Woll with a rebound.
11:09 of 2nd period - Slapshot by Samuel Girard.
11:09 of 2nd period - Shot Blocked by Jordan Kyrou.
11:11 of 2nd period - Slapshot by Sam Morton.
11:11 of 2nd period - Stopped by Joseph Woll with a rebound.
11:13 of 2nd period - Slapshot by Samuel Girard.
11:13 of 2nd period - Stopped by Joseph Woll without a rebound.
11:14 of 2nd period - Anthony Cirelli wins face-off versus Aatu Raty in Hartford Whalers zone.
11:21 of 2nd period - Wrist shot by Viktor Arvidsson.
11:21 of 2nd period - Stopped by Joseph Woll with a rebound.
11:49 of 2nd period - Snap shot by Nick Suzuki.
11:49 of 2nd period - Stopped by Leevi Merilainen without a rebound.
11:50 of 2nd period - Aatu Raty wins face-off versus Tyler Seguin in Boston Bruins zone.
11:50 of 2nd period - Aatu Raty is hit by Simon Edvinsson.
12:06 of 2nd period - Snap shot by Urho Vaakanainen.
12:06 of 2nd period - Deflect By Viktor Arvidsson.
12:06 of 2nd period - Stopped by Joseph Woll with a rebound.
12:16 of 2nd period - Alex Laferriere is hit by Kaiden Guhle and loses puck.
13:28 of 2nd period - Icing by Braden Schneider.
13:29 of 2nd period - Aatu Raty wins face-off versus Anthony Cirelli in Hartford Whalers zone.
13:40 of 2nd period - Wrist shot by Viktor Arvidsson.
13:40 of 2nd period - Stopped by Joseph Woll without a rebound.
13:41 of 2nd period - Ryan Strome wins face-off versus Sidney Crosby in Hartford Whalers zone.
13:56 of 2nd period - Wrist shot by Nick Suzuki.
13:56 of 2nd period - Stopped by Leevi Merilainen with a rebound.
14:08 of 2nd period - Anthony Cirelli is hit by Maxim Tsyplakov and loses puck.
14:15 of 2nd period - Slapshot by Simon Edvinsson.
14:15 of 2nd period - Shot Misses the Net.
14:17 of 2nd period - Snap shot by Dylan Guenther.
14:17 of 2nd period - Shot Misses the Net.
14:51 of 2nd period - Wrist shot by Nick Suzuki.
14:51 of 2nd period - Stopped by Leevi Merilainen without a rebound.
14:52 of 2nd period - Sidney Crosby wins face-off versus Ryan Strome in Boston Bruins zone.
15:18 of 2nd period - Alex Laferriere is hit by Matthew Coronato and loses puck.
15:27 of 2nd period - Matthew Coronato is hit by Jaden Schwartz.
15:35 of 2nd period - Kaiden Guhle is hit by Jaden Schwartz and loses puck.
15:42 of 2nd period - Snap shot by Alex Laferriere.
15:42 of 2nd period - Shot Misses the Net.
15:44 of 2nd period - Snap shot by Rasmus Sandin.
15:44 of 2nd period - Shot Blocked by Matthew Coronato.
15:46 of 2nd period - Wrist shot by Jaden Schwartz.
15:46 of 2nd period - Goal by Jaden Schwartz - Boston Bruins : 3 - Hartford Whalers : 1.
15:47 of 2nd period - Joshua Norris wins face-off versus Aatu Raty in neutral zone.
15:52 of 2nd period - Pierre-Luc Dubois is hit by Viktor Arvidsson and loses puck.
15:59 of 2nd period - Viktor Arvidsson is hit by Pierre-Luc Dubois.
16:03 of 2nd period - Backhand shot by Jordan Kyrou.
16:03 of 2nd period - Deflect By Pierre-Luc Dubois.
16:03 of 2nd period - Stopped by Leevi Merilainen with a rebound.
16:13 of 2nd period - Seth Jones is hit by Adam Wilsby and loses puck.
16:22 of 2nd period - Vladislav Gavrikov is hit by Ozzy Wiesblatt.
16:34 of 2nd period - Wrist shot by Dylan Guenther.
16:34 of 2nd period - Stopped by Leevi Merilainen with a rebound.
16:36 of 2nd period - Wrist shot by Anthony Cirelli.
16:36 of 2nd period - Shot Misses the Net.
16:38 of 2nd period - Wrist shot by Matthew Coronato.
16:38 of 2nd period - Stopped by Leevi Merilainen with a rebound.
16:40 of 2nd period - Slapshot by Matthew Coronato.
16:40 of 2nd period - Stopped by Leevi Merilainen with a rebound.
16:42 of 2nd period - Slapshot by Anthony Cirelli.
16:42 of 2nd period - Shot Misses the Net.
16:44 of 2nd period - Slapshot by Devon Toews.
16:44 of 2nd period - Deflect By Anthony Cirelli.
16:44 of 2nd period - Shot Misses the Net.
16:44 of 2nd period - Puck is out of play.
16:45 of 2nd period - Aatu Raty wins face-off versus Joshua Norris in Boston Bruins zone.
17:12 of 2nd period - Slapshot by Joel Farabee.
17:12 of 2nd period - Shot Misses the Net.
17:14 of 2nd period - Snap shot by Joel Farabee.
17:14 of 2nd period - Deflect By Joshua Norris.
17:14 of 2nd period - Stopped by Joseph Woll with a rebound.
17:16 of 2nd period - Slapshot by Jack Thompson.
17:16 of 2nd period - Shot Blocked by Simon Edvinsson.
17:18 of 2nd period - Wrist shot by Taylor Raddysh.
17:18 of 2nd period - Stopped by Joseph Woll with a rebound.
17:20 of 2nd period - Slapshot by Taylor Raddysh.
17:20 of 2nd period - Stopped by Joseph Woll without a rebound.
17:21 of 2nd period - Aatu Raty wins face-off versus Sidney Crosby in Hartford Whalers zone.
17:36 of 2nd period - Wrist shot by Maxim Tsyplakov.
17:36 of 2nd period - Shot Misses the Net.
17:48 of 2nd period - Alex Laferriere is hit by Tyson Foerster and loses puck.
18:09 of 2nd period - Wrist shot by Jakob Pelletier.
18:09 of 2nd period - Stopped by Joseph Woll without a rebound.
18:10 of 2nd period - Anthony Cirelli wins face-off versus Beck Malenstyn in Hartford Whalers zone.
18:17 of 2nd period - Jack Thompson is hit by Dylan Guenther and loses puck.
18:32 of 2nd period - Snap shot by Matthew Coronato.
18:32 of 2nd period - Stopped by Leevi Merilainen without a rebound.
18:33 of 2nd period - Sidney Crosby wins face-off versus Aatu Raty in Boston Bruins zone.
18:46 of 2nd period - Snap shot by Nick Suzuki.
18:46 of 2nd period - Shot Blocked by Adam Wilsby.
18:48 of 2nd period - Wrist shot by Sidney Crosby.
18:48 of 2nd period - Goal by Sidney Crosby - Boston Bruins : 3 - Hartford Whalers : 2.
18:49 of 2nd period - Joshua Norris wins face-off versus Ryan Strome in neutral zone.
19:14 of 2nd period - Rasmus Sandin is hit by Sidney Crosby and loses puck.
19:39 of 2nd period - Seth Jones is hit by Joel Farabee and loses puck.
19:52 of 2nd period - Snap shot by Beck Malenstyn.
19:52 of 2nd period - Deflect By Ozzy Wiesblatt.
19:52 of 2nd period - Shot Blocked by Matthew Coronato.
19:52 of 2nd period - Puck is out of play.
19:53 of 2nd period - Anthony Cirelli wins face-off versus Beck Malenstyn in Hartford Whalers zone.
Goals for this period are 1 for Boston Bruins vs 2 for Hartford Whalers.
Shots for this period are 22 for Boston Bruins vs 18 for Hartford Whalers.
3rd period
0:01 of 3rd period - Joshua Norris wins face-off versus Ryan Strome in neutral zone.
0:04 of 3rd period - Jaden Schwartz is hit by Joshua Norris and loses puck.
0:15 of 3rd period - Wrist shot by Alex Laferriere.
0:15 of 3rd period - Shot Misses the Net.
0:45 of 3rd period - Icing by Maxim Tsyplakov.
0:46 of 3rd period - Anthony Cirelli wins face-off versus Joel Farabee in Boston Bruins zone.
0:47 of 3rd period - Wrist shot by Dylan Guenther.
0:47 of 3rd period - Stopped by Leevi Merilainen with a rebound.
0:49 of 3rd period - Slapshot by Anthony Cirelli.
0:49 of 3rd period - Goal by Anthony Cirelli - Boston Bruins : 3 - Hartford Whalers : 3.
0:50 of 3rd period - Joshua Norris wins face-off versus Sam Morton in neutral zone.
1:53 of 3rd period - Off-side.
1:54 of 3rd period - Sam Morton wins face-off versus Joshua Norris in neutral zone.
2:20 of 3rd period - Wrist shot by Maxim Tsyplakov.
2:20 of 3rd period - Goal by Maxim Tsyplakov - Boston Bruins : 4 - Hartford Whalers : 3.
2:21 of 3rd period - Tyler Seguin wins face-off versus Ryan Strome in neutral zone.
3:11 of 3rd period - Snap shot by Anthony Cirelli.
3:11 of 3rd period - Stopped by Leevi Merilainen with a rebound.
3:47 of 3rd period - Minor Penalty to Simon Edvinsson for Hooking.
3:48 of 3rd period - Ryan Strome wins face-off versus Nick Suzuki in Hartford Whalers zone.
3:55 of 3rd period - Snap shot by Jaden Schwartz.
3:55 of 3rd period - Stopped by Joseph Woll with a rebound.
3:57 of 3rd period - Slapshot by Samuel Girard.
3:57 of 3rd period - Shot Blocked by Devon Toews.
3:59 of 3rd period - Slapshot by Samuel Girard.
3:59 of 3rd period - Stopped by Joseph Woll without a rebound.
4:00 of 3rd period - Nick Suzuki wins face-off versus Beck Malenstyn in Hartford Whalers zone.
5:47 of 3rd period - Penalty to Simon Edvinsson is over, Simon Edvinsson is back on ice.
6:46 of 3rd period - Minor Penalty to Ozzy Wiesblatt for Delaying the game.
6:47 of 3rd period - Alex Laferriere wins face-off versus Sidney Crosby in Boston Bruins zone.
6:47 of 3rd period - Alex Laferriere is hit by Braden Schneider.
7:24 of 3rd period - Samuel Girard is hit by Nick Suzuki and loses puck.
8:46 of 3rd period - Penalty to Ozzy Wiesblatt is over, Ozzy Wiesblatt is back on ice.
9:13 of 3rd period - Carter Verhaeghe is hit by Ozzy Wiesblatt and loses puck.
9:24 of 3rd period - Jakob Pelletier is hit by Seth Jones and loses puck.
9:39 of 3rd period - Slapshot by Seth Jones.
9:39 of 3rd period - Deflect By Jonathan Drouin.
9:39 of 3rd period - Stopped by Leevi Merilainen with a rebound.
9:52 of 3rd period - Off-side.
9:53 of 3rd period - Sam Morton wins face-off versus Joshua Norris in neutral zone.
9:59 of 3rd period - Off-side.
10:00 of 3rd period - Jaden Schwartz wins face-off versus Joshua Norris in neutral zone.
11:32 of 3rd period - Viktor Arvidsson is hit by Joshua Norris and loses puck.
11:47 of 3rd period - Wrist shot by Dylan Guenther.
11:47 of 3rd period - Shot Misses the Net.
11:49 of 3rd period - Snap shot by Seth Jones.
11:49 of 3rd period - Goal by Seth Jones - Boston Bruins : 4 - Hartford Whalers : 4.
11:50 of 3rd period - Ryan Strome wins face-off versus Sidney Crosby in neutral zone.
11:53 of 3rd period - Carter Verhaeghe is hit by Adam Wilsby and loses puck.
12:06 of 3rd period - Urho Vaakanainen is hit by Vladislav Gavrikov and loses puck.
12:31 of 3rd period - Slapshot by Ryan Strome.
12:31 of 3rd period - Stopped by Joseph Woll with a rebound.
12:51 of 3rd period - Snap shot by Joshua Norris.
12:51 of 3rd period - Shot Misses the Net.
13:13 of 3rd period - Slapshot by Ryan Strome.
13:13 of 3rd period - Shot Misses the Net.
13:15 of 3rd period - Slapshot by Adam Wilsby.
13:15 of 3rd period - Stopped by Joseph Woll with a rebound.
13:21 of 3rd period - Slapshot by Alex Laferriere.
13:21 of 3rd period - Deflect By Jaden Schwartz.
13:21 of 3rd period - Goal by Jaden Schwartz - Boston Bruins : 5 - Hartford Whalers : 4.
13:22 of 3rd period - Nick Suzuki wins face-off versus Aatu Raty in neutral zone.
13:49 of 3rd period - Victor Mancini is hit by Pierre-Luc Dubois and loses puck.
14:18 of 3rd period - Victor Mancini is hit by Kaiden Guhle and loses puck.
14:37 of 3rd period - Snap shot by Viktor Arvidsson.
14:37 of 3rd period - Shot Blocked by Braden Schneider.
14:39 of 3rd period - Snap shot by Maxim Tsyplakov.
14:39 of 3rd period - Shot Misses the Net.
15:08 of 3rd period - Off-side.
15:09 of 3rd period - Aatu Raty wins face-off versus Joshua Norris in neutral zone.
15:49 of 3rd period - Slapshot by Beck Malenstyn.
15:49 of 3rd period - Stopped by Joseph Woll without a rebound.
15:50 of 3rd period - Tyler Seguin wins face-off versus Beck Malenstyn in Hartford Whalers zone.
16:01 of 3rd period - Wrist shot by Jakob Pelletier.
16:01 of 3rd period - Stopped by Joseph Woll with a rebound.
16:16 of 3rd period - Beck Malenstyn is hit by Carter Verhaeghe.
16:20 of 3rd period - Slapshot by Nick Suzuki.
16:20 of 3rd period - Stopped by Leevi Merilainen with a rebound.
17:30 of 3rd period - Tyson Foerster is hit by Aatu Raty and loses puck.
17:47 of 3rd period - Adam Wilsby is hit by Pierre-Luc Dubois and loses puck.
18:30 of 3rd period - Hartford Whalers, Joseph Woll is pulled from the net.
18:46 of 3rd period - Icing by Alex Laferriere.
18:47 of 3rd period - Anthony Cirelli wins face-off versus Beck Malenstyn in Boston Bruins zone.
18:48 of 3rd period - Wrist shot by Dylan Guenther.
18:48 of 3rd period - Shot Misses the Net.
18:55 of 3rd period - Adam Wilsby is hit by Seth Jones and loses puck.
19:21 of 3rd period - Slapshot by Jaden Schwartz.
19:21 of 3rd period - Goal by Jaden Schwartz - Boston Bruins : 6 - Hartford Whalers : 4.
19:21 of 3rd period - Joseph Woll from Hartford Whalers was sent back in the game.
19:22 of 3rd period - Sam Morton wins face-off versus Tyler Seguin in neutral zone.
19:29 of 3rd period - Sam Morton is hit by Seth Jones and loses puck.
19:48 of 3rd period - Jack Thompson is hit by Matthew Coronato and loses puck.
19:54 of 3rd period - Off-side.
19:55 of 3rd period - Anthony Cirelli wins face-off versus Beck Malenstyn in neutral zone.
Goals for this period are 3 for Boston Bruins vs 2 for Hartford Whalers.
Shots for this period are 9 for Boston Bruins vs 6 for Hartford Whalers.
Back to the Top